 Dungeon Sprint DCSS version 0.22-a0-346-ga714374 (webtiles) character file.

124 emperorscorpion the Shield-Bearer (level 5, -6/36 HPs)
             Began as a Gargoyle Fighter on Apr 6, 2018.
             Mangled by an ogre
             ... wielding a +0 giant club
              (14 damage)
             ... in the Dungeon (Sprint IX: "|||||||||||||||||||||||||||||").
             The game lasted 00:00:20 (45 turns).

emperorscorpion the Shield-Bearer (Gargoyle Fighter)  Turns: 45, Time: 00:00:20

Health: -6/36      AC: 11    Str: 20    XL:     5   Next: 8%
Magic:  5/5        EV:  8    Int:  9    God:
Gold:   0          SH: 10    Dex:  9    Spells: 4/4 levels left

rFire    . . .     SeeInvis .   a - +0 flail
rCold    . . .     Gourm    .   c - +0 shield
rNeg     + . .     Faith    .   b - +0 scale mail
rPois    ∞         Spirit   .   (no helmet)
rElec    +         Reflect  .   (no cloak)
rCorr    .         Harm     .   (no gloves)
MR       .....     NoTele   +   (no boots)
Stlth    ..........             (no amulet)
HPRegen  0.12/turn              (no ring)
MPRegen  0.09/turn              (no ring)

@: berserk cooldown, slowed, very slow
A: negative energy resistance 1, electricity resistance, unbreathing,
petrification resistance, rot immunity, AC +4
a: no special abilities


You were in the Dungeon.
You were not hungry.

You visited 1 branch

Inventory:

Hand Weapons
 a - a +0 flail (weapon)
Armour
 b - a +0 scale mail (worn)
 c - a +0 shield (worn)
Scrolls
 k - a scroll of blinking
Potions
 d - a potion of might
 e - a potion of curing
 g - a potion of heal wounds
 h - a potion of haste
 i - 2 potions of magic
Comestibles
 f - a ration
 l - 3 chunks of flesh


   Skills:
 + Level 6.1 Fighting
 + Level 4.7 Maces & Flails
 + Level 6.1 Armour
 + Level 1.0 Dodging
 + Level 6.3 Shields


You had 4 spell levels left.
You didn't know any spells.

Dungeon Overview and Level Annotations

Branches:
Dungeon (1/1)

Altars:


Innate Abilities, Weirdness & Mutations

You are resistant to torment.
Your stone body is resilient. (AC +4)
You are immune to poison.
You resist negative energy. (rN+)
You are resistant to electric shocks. (rElec)
You can survive without breathing.
You are immune to petrification.
You are immune to rotting.


Message History

The centaur is severely wounded.
The centaur hits you but does no damage.
You block the centaur's attack. x2
You barely miss the centaur.
The centaur is severely wounded.
The centaur hits you but does no damage. x2
The centaur hits you.
* * * LOW HITPOINT WARNING * * *
You sock the centaur!
You kill the centaur!
Your Fighting skill increases to level 6!
Your Maces & Flails skill increases to level 4!
Your Armour skill increases to level 6!
Your Dodging skill increases to level 1!
Your Shields skill increases to level 6!
You have reached level 4!
You feel clever.
You have reached level 5!
The ogre hits you with a giant club!
You die... ▓▓▓▓▓▓▓▓▓▓▓▓▓▓▓▓▓▓ +....O@(...)'...<▓ ▓▓▓▓▓▓▓▓▓▓▓▓▓▓▓▓▓▓

You could see an ogre.

Vanquished Creatures
  A centaur (D)
  An iguana (D)
  An adder (D)
  A goblin (D)
  3 hobgoblins (D)
  A quokka (D)
  A rat (D)
9 creatures vanquished.

Notes
Turn   | Place    | Note
-------+----------+-------------------------------------------
     0 | D        | emperorscorpion the Gargoyle Fighter began the quest for the Orb.
     0 | D        | Reached XP level 1. HP: 14/14 MP: 1/1
    20 | D        | Noticed an ogre
    20 | D        | Noticed a centaur
    20 | D        | Noticed an iguana
    25 | D        | Reached XP level 2. HP: 16/20 MP: 2/2
    36 | D        | Reached skill level 5 in Fighting
    36 | D        | Reached skill level 5 in Armour
    36 | D        | Reached skill level 5 in Shields
    36 | D        | Reached XP level 3. HP: 14/26 MP: 3/3
    45 | D        | Killed a centaur
    45 | D        | Reached skill level 1 in Dodging
    45 | D        | Reached XP level 4. HP: 7/32 MP: 4/4
    45 | D        | Reached XP level 5. HP: 8/36 MP: 5/5
    45 | D        | Mangled by an ogre

Vault maps used:
D:        linesprint

Skill      XL: |  1  2  3 |
---------------+----------+-----
Armour         | 4 5 6 |  6.1
Fighting       | 4 5 6 |  6.1
Shields        | 4 5 6 |  6.3
Maces & Flails | 3 4 |  4.7
Dodging        | 1 |  1.0

Action                   |  1- 3 |  4- 6 || total
-------------------------+-------+-------++-------
Melee: Flail             |    30 |       ||    30
  Use: Potion            |     1 |       ||     1
Armor: Scale mail        |    13 |       ||    13
Dodge: Dodged            |     1 |       ||     1
Block: Shield            |    18 |       ||    18

Table legend:
 A = Spawn XP
 B = Non-spawn XP
 C = Spawn XP percentage of total XP
 D = Spawn monster count
 E = Non-spawn monster count
 F = Spawn count percentage of total count
 G = Total turns spent on level
                    A         B        C        D         E        F      G
               +---------+---------+-------+---------+---------+-------+---------
         Total |       0 |     178 |   0.0 |       0 |       9 |   0.0 |    45
               +---------+---------+-------+---------+---------+-------+---------
             D |       0 |     178 |   0.0 |       0 |       9 |   0.0 |    45
               +---------+---------+-------+---------+---------+-------+---------
